Beans, chaotic male elven Priest ------ ----- |....| |!f!| |....| ----------- |.@!| |....| ---------------- |.........| |!m!| #......######################|..............| |.........| |!.@| ###|....| ##...............| |>........| |...| # |....| # |...............# |.........| --|-- ### -+---- --------------+-# #..........| # # ####----------- # # ## # # ### # # ## --|---# ### |....-# --.---+- # |....| |......-## |....| |......| |....| |...<..| ------ -------- Beans the Aspirant Experience level: 2 Strength: 16 Dexterity: 14 Constitution: 12 Intelligence: 11 Wisdom: 17 Charisma: 7 Health: 0(16) Energy: 16(16) Def: 4 Gold: 142 Moves: 1101 Dungeon seed: 2wviolJe0T856Q0h Game ID: Beans_1615583334 Your Inventory: Coins $ - 142 gold pieces Weapons a - a blessed corroded +1 mace (weapon in hand) j - a +0 long sword l - a +0 orcish dagger s - a blessed +0 arrow t - a +0 arrow Armor e - a +0 robe (being worn) n - a blessed +0 small shield (being worn) q - a blessed +1 elven cloak r - a +0 orcish helm (being worn) Comestibles c - a clove of garlic d - a sprig of wolfsbane w - a tripe ration Scrolls k - 2 scrolls of enchant weapon Spellbooks f - a spellbook of cure sickness g - a spellbook of healing Potions b - 3 potions of holy water v - a cursed potion of see invisible Rings o - a ring of stealth Tools h - a bell u - a towel Gems y - a worthless piece of black glass Spells and supernatural/magical abilities: Name Level Category Fail Memory h - healing 1 healing 0% 95% u - confuse monster 2 enchantment 64% 97% K - cure sickness 3 healing 94% 95% W - pray for help -- divine ? -- X - turn undead -- divine ? -- Your skills at the end: Fighting Skills Weapon Skills mace [Basic] Spellcasting Skills clerical spells [Basic] Final Attributes: You were piously aligned. You had infravision. You were held by a large mimic. You are dead. Vanquished creatures: an acid blob a coyote a giant rat a gecko 4 jackals a goblin 2 sewer rats 7 grid bugs a lichen 4 newts 23 creatures vanquished. Voluntary challenges: You were vegetarian. You were an atheist. You used a wielded weapon 23 times, starting on turn 16. You read items or engraved 2 times, starting on turn 462. You never genocided any monsters. You never polymorphed an object. You never changed form. You used no wishes. You never split a pudding. You never wrote Elbereth's name. You never violated your personal moral code. Dungeon overview: The Dungeons of Doom: levels 1 to 3 Level 1 an altar to Manannan Mac Lir, some fountains a long staircase Level 2 Level 3 <- You were here a potion shop History has recorded: On T:1 you entered the Dungeons of Doom to retrieve the Amulet of Yendor! On T:368 you reached level 2 of The Dungeons of Doom. On T:432 you advanced to experience level 2. On T:899 you reached level 3 of The Dungeons of Doom. Score breakdown: Gold: 142 ( 7331 points) Experience: 2 levels ( 5570 points) Exploration: 3 levels ( 5.88%) ( 6000 points) Discoveries: 1 item ( 0.35%) ( 1770 points) Valuables value: (no points given unless you survive) Artifact value: 0 ( 0 points) Variety of kills: 10 monsters ( 2.62%) ( 4860 points) Turncount: 1101 turns ( 0 points) Survival: died (score multiplied by 80%) Total score: 20424 Latest messages: You see here a murky potion (150 zorkmids). You see here a cursed dark green potion (300 zorkmids). Qwerty picks up a cyan potion. Qwerty drops a cyan potion. You see here a brown potion (75 zorkmids). You stop. Qwerty is in the way! Qwerty picks up a potion. You see here an effervescent potion (150 zorkmids). Qwerty drops a potion. There are a few objects here. Wait! That's a large mimic! You miss the large mimic. Qwerty picks up a potion. Qwerty drops a potion. You miss the large mimic. The large mimic hits! You hit the large mimic! You hit the large mimic. You hit the large mimic! Qwerty picks up a potion. Qwerty moves only reluctantly. You miss the large mimic. The large mimic hits! You die... Walbrzych gratefully inherits all your possessions. Final status: Goodbye Beans the Priest, killed by a large mimic... You died in The Dungeons of Doom on dungeon level 3 with 20424 points, and 142 pieces of gold, after 1101 moves. You were level 2 with a maximum of 16 hit points when you died.